Map: Ruines d’Endion

Players

Scythe - Winner!

  • Race: Zerg Zerg
  • League: Gold
  • Spawn Location: 5:00

zidar

  • Race: Zerg Zerg
  • League: Gold
  • Spawn Location: 7:00

VOD

Have the link to the VOD?

Description

Time

  • Played on: July 6, 2016, 11:11 a.m.
  • Length: 3:25
Show
View Real Time Build Order
Export as new Build Order

Scythe Zerg - Winner!

Build Orders: 1 Base Baneling Bust, Pool Only 

Get SALT Encoding   

  12  0:01  Drone  
  13  0:08  Drone  
  14  0:14  Extractor  
  13  0:31  Spawning Pool  
  13  0:35  Drone  
  13  0:42  Drone  
  14  0:47  Overlord  
  14  1:19  Zergling x6  
  14  1:20  Queen  
  19  1:28  Metabolic Boost  
  19  1:31  Zergling x2  
  20  1:42  Zergling x2  
  21  1:51  Baneling Nest  
  21  1:53  Zergling x2  
  21  2:03  Zergling x2  
  22  2:14  Overlord  
  22  2:39  Drone x4  
  26  2:44  Baneling x2  
  26  2:45  Baneling x4  
  26  2:50  Baneling  
Show
View Real Time Build Order
Export as new Build Order

zidar Zerg 

Build Orders: Pool First 

Get SALT Encoding   

  12  0:01  Drone  
  13  0:12  Overlord  
  13  0:19  Drone  
  14  0:22  Extractor  
  14  0:33  Drone  
  15  0:37  Drone  
  16  0:47  Spawning Pool  
  16  0:48  Drone  
  16  0:53  Extractor  
  16  0:56  Drone  
  16  1:19  Hatchery  
  16  1:24  Drone  
  16  1:39  Queen  
  18  1:46  Drone x2  
  20  1:57  Overlord  
  20  1:58  Drone  
  21  2:04  Extractor  
  21  2:06  Metabolic Boost  
  20  2:16  Zergling x2  
  22  2:31  Zergling x2  
  22  2:37  Overlord  
  22  2:49  Spine Crawler  
  21  2:53  Spine Crawler  
  20  2:58  Zergling x2  
  20  2:59  Zergling x6  
  24  3:15  Baneling Nest  
Tags
 
Add a new tag
Caveats
  • Supply blocks, unpowered buildings, or Contaminate may cause inaccurate times.
  • Supply counts are checked every 10 seconds.